 Dungeon Crawl Stone Soup version 0.28-a0-1143-gcf6077d4cc (webtiles) character file.

Game seed: 16959713857197451828

2 spaghetti the Sneak (level 1, -10/18 HPs)
             Began as a Mummy Delver on Dec 14, 2021.
             Mangled by an ogre (28 damage)
             ... on level 5 of the Dungeon.
             The game lasted 00:00:50 (208 turns).

spaghetti the Sneak (Mummy Delver)                   Turns: 208, Time: 00:00:51

Health: -10/18     AC:  3    Str: 15    XL:     1   Next: 33%
Magic:  1/1        EV: 11    Int:  9    God:
Gold:   19         SH:  0    Dex: 13    Spells: 0/0 levels left

rFire   x . .      SeeInvis .   c - +0 club {mace}
rCold   + . .      Faith    .   (no shield)
rNeg    + + +      Spirit   .   a - +0 leather armour
rPois   ∞          Reflect  .   (no helmet)
rElec   .          Harm     .   (no cloak)
rCorr   .          Rampage  .   (no gloves)
Will    .....                   (no boots)
Stlth   ++........              (no amulet)
HPRegen 0.06/turn               (no ring)
MPRegen 0.07/turn               (no ring)

@: no status effects
A: cold resistance 1, negative energy resistance 3, torment resistance 2, heat
vulnerability 1, no potions
a: no special abilities


You were on level 5 of the Dungeon.
You visited 1 branch of the dungeon, and saw 3 of its levels.

You collected 19 gold pieces.


Innate Abilities, Weirdness & Mutations

You are immune to poison.
Your flesh is cold resistant. (rC+)
You are immune to negative energy. (rN+++)
You are immune to unholy pain and torment.
You are vulnerable to heat. (rF-)
You do not drink.


   Skills:
 - Level 3.0 Fighting
 + Level 0.0 Throwing
 - Level 1.6 Dodging
 - Level 4.1 Stealth
 - Level 1.6 Unarmed Combat


You couldn't memorise any spells.
You didn't know any spells.
Your spell library was empty.

Inventory:

Hand Weapons
 c - a +0 club (weapon) {mace}
   (You took it off a goblin on level 4 of the Dungeon)
 f - a +0 mace {mace}
   (You found it on level 5 of the Dungeon)
Missiles
 g - 3 boomerangs (quivered) {throwing}
 h - 13 arrows
Armour
 a - a +0 leather armour (worn)
Wands
 e - a wand of digging (3)
Scrolls
 b - a scroll of fog
 d - a scroll of fear

Dungeon Overview and Level Annotations

Branches:
Dungeon (6/15)
 Temple: D:4-7

Altars:

.S......#...#########
........##.## ######
.#......##.#### #....#
.$..J.........###....#
........#.[.....#....#
........#............#
.....................#
........O.......#....#
...######@......#....#
. #.........##<...#
#.........##....#
######.........##....#
...............#######
######.........#
#.........#
#..)......#
#.<.......#


You could see an ogre and a jelly.


Message History

Unknown command.
Found a stone staircase leading down.
c - a scroll labelled ZIYHASCH YLYRO
As you read the scroll labelled ZIYHASCH YLYRO, it crumbles to dust.
A profound silence engulfs you.
It was a scroll of silence.
A goblin comes into view. It is wielding a +0 club.
Found a stone staircase leading down.
The goblin barely misses you.
You completely miss the goblin.
The goblin hits you with a +0 club. 😕 HP[-1]
You take 1 damage, and now have 17/18 hp.
You closely miss the goblin. The goblin barely misses you.
You closely miss the goblin. You punch the goblin.
You kill the goblin!
No target in view!
No target in view!
No target in view!
No target in view!
No target in view!
No target in view!
No target in view!
No target in view!
No target in view!
No target in view!
No target in view!
No target in view!
No target in view!
No target in view!
No target in view!
No target in view!
No target in view!
No target in view!
c - a +0 club {mace} You see here a goblin corpse. 😎 HP[+1]
Your hp is fully restored (18).
c - a +0 club (weapon)
{mace} Your hearing returns.
A black bear comes into view.
Unknown command.
There is a stone staircase leading down here.
You climb downwards.
There is a stone staircase leading up here.
Unknown command.
Unknown command.
Unknown command.
The helpless orc fails to defend itself.
You hit the orc.
The orc hits you with a +0 mace. 😮 HP[-6]
You take 6 damage, and now have 12/18 hp.
MASSIVE DAMAGE!! (PAUSE) Unknown command.
You barely miss the orc. The orc barely misses you.
You hit the orc. The orc closely misses you.
Throw: 3 boomerangs {throwing}
Press: ? - help, Q - select action Shift-Dir - straight line, f - orc
Aim: an orc, wielding a +0 mace and wearing a +0 leather armour (severely wounded, 57% to hit)
You throw a boomerang {throwing}. The boomerang {throwing} hits the orc.
You kill the orc!
Setting a skill training target for Throwing at 12.0.
Unknown command.
Unknown command.
Things that are here:
a +0 mace {mace}; a +0 leather armour; 😎 HP[+6]
Your hp is fully restored (18).
You now have 19 gold pieces.
h - 13 arrows Throw: 3 boomerangs {throwing}
Press: ? - help, Q - select action Shift-Dir - straight line, f - ogre
Aim: an ogre, wielding a +0 giant club (asleep, 98% to hit)
You throw a boomerang {throwing}. The boomerang {throwing} hits the ogre.
The ogre shouts!
Throw: 3 boomerangs {throwing}
Press: ? - help, Q - select action Shift-Dir - straight line, f/p - ogre
Aim: an ogre, wielding a +0 giant club (lightly wounded, 73% to hit)
You throw a boomerang {throwing}. The boomerang {throwing} hits the ogre.
Throw: 3 boomerangs {throwing}
Press: ? - help, Q - select action Shift-Dir - straight line, f/p - ogre
Aim: an ogre, wielding a +0 giant club (moderately wounded, 73% to hit)
You throw a boomerang {throwing}.
The boomerang {throwing} hits the ogre but does no damage.
A jelly comes into view.
Throw: 3 boomerangs {throwing}
Press: ? - help, Q - select action Shift-Dir - straight line, f/p - ogre
Aim: an ogre, wielding a +0 giant club (moderately wounded, 73% to hit)
You throw a boomerang {throwing}. The jelly quivers.
The boomerang {throwing} hits the ogre but does no damage.
Okay, then.
Throw: 3 boomerangs {throwing}
Press: ? - help, Q - select action Shift-Dir - straight line, f/p - ogre
Aim: an ogre, wielding a +0 giant club (moderately wounded, 73% to hit)
You throw a boomerang {throwing}. The boomerang {throwing} hits the ogre.
An adder comes into view.
You can't drink.
Unknown command.
Unknown command.
You hit the ogre.
The ogre hits you with a +0 giant club!!
Ouch! That really hurt!
You die...

Action                   || total
-------------------------++-------
Melee: Club              ||     4
       Unarmed           ||     3
       Punch             ||     1
Throw: Boomerang         ||     6
  Use: Scroll            ||     3
 Stab: Sleeping          ||     1
Dodge: Dodged            ||     4

Levels and vault maps discovered:
D:4:      layout_loops_ring, chequers_temple_overflow_minitemple, serial_shops,
          kennysheep_mini_moat
D:5:      layout_rooms, lemuel_doored_altar, grunt_qazlal_clouds
D:6:      layout_rooms, nicolae_fountain_basement

Notes
Turn   | Place    | Note
-------+----------+-------------------------------------------
     0 | D:5      | spaghetti the Mummy Delver began the quest for the Orb.
     0 | D:5      | Reached XP level 1. HP: 18/18 MP: 1/1
     0 | D:5      | magus.rc [v1.9.6]
    12 | D:5      | Noticed an ogre
    18 | D:6      | Noticed a scorpion
    78 | D:4      | Noticed a black bear
   203 | D:5      | Noticed a jelly
   208 | D:5      | Mangled by an ogre

Vanquished Creatures
  An orc (D:5)
  A goblin (D:4)
2 creatures vanquished.

Table legend:
 A = Non-vault XP
 B = Vault XP
 C = Vault XP percentage of total XP
 D = Non-vault monster count
 E = Vault monster count
 F = Vault count percentage of total count
                 A         B        C        D         E       F
            +---------+---------+-------+---------+---------+-------
      Total |       4 |       0 |   0.0 |       2 |       0 |   0.0
            +---------+---------+-------+---------+---------+-------
        D:4 |       1 |       0 |   0.0 |       1 |       0 |   0.0
        D:5 |       3 |       0 |   0.0 |       1 |       0 |   0.0
            +---------+---------+-------+---------+---------+-------

Illustrated notes

Table legend:
 A = Kills in this place as a percentage of kills in entire the game.
 B = Kills by you in this place as a percentage of kills by you in the entire game.
 C = Kills by friends in this place as a percentage of kills by friends in the entire game.
 D = Other kills in this place as a percentage of other kills in the entire game.
 E = Experience gained in this place as a percentage of experience gained in the entire game.
 F = Experience gained in this place divided by the number of levels of this place that you have seen.
                   A       B       C       D       E      F
               +-------+-------+-------+-------+-------+----------------------
         Total | 100.0 | 100.0 |   N/A |   N/A | 100.0 |   1.3
       Dungeon | 100.0 | 100.0 |   N/A |   N/A | 100.0 |   1.3
               +-------+-------+-------+-------+-------+----------------------

Table legend: (Time is in decaauts)
 A = Elapsed time spent in this place.
 B = Non-inter-level travel time spent in this place.
 C = Inter-level travel time spent in this place.
 D = Time resting spent in this place.
 E = Time spent auto-exploring this place.
 F = Levels seen in this place.
 G = Mean time per level.
                   A        B        C        D        E       F      G
               +--------+--------+--------+--------+--------+-----+--------+
         Total |    210 |    210 |      0 |      0 |    135 |   3 |   70.0 |
       Dungeon |    210 |    210 |      0 |      0 |    135 |   3 |   70.0 |
               +--------+--------+--------+--------+--------+-----+--------+

Top non-repeatable levels by time:
     D:5: 169 daAuts
     D:4: 36 daAuts
     D:6: 4 daAuts
